AoeStats
← LABRUTTI

Arabia

509935493Analyzed
1v1 RM · 3d ago on Sep 28, 2026· 60m 53s· 2 players
Game mode
Random Map
Map size
Tiny (2 player)
Population
200
Speed
Normal
Resources
Standard
Victory
Conquest
Starting age
Dark Age
Ending age
Imperial Age
RankedLock teamsTeams togetherTeam positionsShared explorationLock speedFull tech treeHidden civsTurbo modeCheats
Victory
Defeat
🇵🇱 Vikings · Poland
1216
+13
🇫🇷 Wei · France
1159
-13
LABRUTTI
7:24 Loom
9:51 Feudal Age
10:44 Double-Bit Axe
10:48 Horse Collar
20:57 Castle Age
19:34 Scale Barding Armor
20:28 Gold Mining
20:40 Fletching
22:18 Bodkin Arrow
22:24 Padded Archer Armor
24:37 Ballistics
26:26 Leather Archer Armor
30:49 Bloodlines
33:09 Husbandry
34:33 Forging
36:23 Chain Barding Armor
42:20 Imperial Age
41:00 Thumb Ring
41:41 Wheelbarrow
42:24 Tuntian
42:53 Bow Saw
44:45 Chemistry
43:57 Heavy Hei Guang Cavalry
44:42 Bracer
46:12 Gold Shaft Mining
48:04 Iron Casting
48:00 Ring Archer Armor
48:03 Parthian Tactics
47:06 Elite Skirmisher
50:29 Light Cavalry
51:43 Hussar
54:37 Blast Furnace
57:21 Hand Cart
56:55 Town Watch
feristronic
6:04 Loom
9:24 Feudal Age
10:01 Double-Bit Axe
10:04 Man-at-Arms
21:05 Castle Age
19:27 Gold Mining
19:19 Horse Collar
19:57 Fletching
22:07 Bow Saw
21:54 Bodkin Arrow
22:04 Padded Archer Armor
21:56 Crossbowman
23:19 Elite Skirmisher
24:28 Leather Archer Armor
25:23 Ballistics
27:47 Heavy Plow
32:31 Imperial Age
30:55 Forging
30:53 Stone Mining
32:49 Iron Casting
34:35 Chemistry
32:57 Arbalester
33:43 Bracer
34:13 Ring Archer Armor
34:41 Arbalester
34:48 Light Cavalry
36:50 Scale Mail Armor
37:08 Masonry
37:04 Siege Engineers
36:40 Treadmill Crane
37:09 Scale Barding Armor
41:00 Architecture
40:34 Pikeman
41:15 Squires
42:38 Blast Furnace
41:56 Chain Mail Armor
42:03 Town Watch
44:08 Conscription
43:49 Bogsveigar
47:21 Murder Holes
48:32 Chain Barding Armor
56:08 Plate Mail Armor
Connection lost

Rejoining the realm…

Still unreachable

The connection could not be restored.

Session expired

The server has moved on; the page needs a fresh start.